[Event "fics rated crazyhouse match"]
[Site "fics, Oklahoma City, OK USA"]
[Date "2000.01.08"]
[White "pminear"]
[WhiteElo "2311"]
[Black "LINDEGREN"]
[BlackElo "2288"]
[TimeControl "120+0"]
[Result "1-0"]

1. e4 Nf6 2. Nc3 Nc6 3. d4 e6 4. e5 Nd5 5. Ne4 d6 6. Nf3 
dxe5 7. Nxe5 Bb4+ 8. c3 Be7 9. Be2 P@f5 10. Ng3 Bf6 11. Nxc6 bxc6 
12. P@e5 Bg5 13. Bxg5 Qxg5 14. B@d2 B@f4 15. Bxf4 Nxf4 16. B@f3 N@h4 17. Rg1 
B@d5 18. Bxd5 Nxd5 19. N@f3 Nxf3+ 20. Bxf3 B@e3 21. N@h3 Bxf2+ 22. Kxf2 Qe3+ 
23. Kf1 Ba6+ 24. B@e2 P@d3 25. B@f2 dxe2+ 26. Bxe2 Bxe2+ 27. Nxe2 Qxf2+ 28. Kxf2 
N@e4+ 29. Ke1 B@d2+ 30. Qxd2 Nxd2 31. P@d7+ Kxd7 32. B@g5 B@d8 33. Bxd2 B@e7 
34. N@c5+ Bxc5 35. dxc5 N@d3+ 36. Kd1 Nxb2+ 37. Kc2 P@d3+ 38. Kxb2 Q@c2+ 39. Ka3 
{LINDEGREN forfeits on time} 1-0

[Event "fics rated crazyhouse match"]
[Site "fics, Oklahoma City, OK USA"]
[Date "2000.01.08"]
[White "LINDEGREN"]
[WhiteElo "2281"]
[Black "pminear"]
[BlackElo "2318"]
[TimeControl "120+0"]
[Result "1-0"]

1. e4 e5 2. Nc3 Nc6 3. Nf3 Bc5 4. Bc4 Nf6 5. O-O d6 6. d3 
Bg4 7. Be3 Bxe3 8. fxe3 B@h6 9. Qe2 Bxf3 10. Rxf3 Bxe3+ 11. Qxe3 P@d4 
12. Qe2 dxc3 13. Bxf7+ Kxf7 14. B@c4+ Ke7 15. Rxf6 gxf6 16. N@f5+ Kd7 17. B@e6+ 
Ke8 18. B@f7# 
{pminear resigns} 1-0

[Event "fics rated crazyhouse match"]
[Site "fics, Oklahoma City, OK USA"]
[Date "2000.01.08"]
[White "LINDEGREN"]
[WhiteElo "2282"]
[Black "pminear"]
[BlackElo "2317"]
[TimeControl "120+0"]
[Result "0-1"]

1. e4 e5 2. Nf3 Nc6 3. Bc4 Bc5 4. O-O Nf6 5. d3 d6 6. Bg5 
Be6 7. Bxe6 fxe6 8. Nc3 O-O 9. B@h4 B@h5 10. Bxf6 Rxf6 11. Bxf6 Qxf6 
12. R@g3 B@f4 13. N@e1 Bxg3 14. hxg3 B@g4 15. B@e2 Rf8 16. Na4 Bb6 17. Nxb6 
axb6 18. B@h4 Qg6 19. c3 h6 20. b4 Kh7 21. b5 Na5 22. Rb1 Bxf3 
23. Nxf3 Bxf3 24. Bxf3 Rxf3 25. Qxf3 B@g4 26. Qf8 N@e2+ 27. Kh2 R@g8 28. Qe7 
N@g5 29. Bxg5 hxg5 30. R@e3 B@h3 31. gxh3 Bxh3 32. B@f3 P@g4 33. B@h1 Qh6 
34. N@f7 Bxf1+ 35. B@h4 R@h3# 
{LINDEGREN checkmated} 0-1

[Event "fics rated crazyhouse match"]
[Site "fics, Oklahoma City, OK USA"]
[Date "2000.01.08"]
[White "pminear"]
[WhiteElo "2324"]
[Black "LINDEGREN"]
[BlackElo "2275"]
[TimeControl "120+0"]
[Result "1-0"]

1. e4 e6 2. Nc3 b6 3. d4 Bb7 4. Bd3 Nf6 5. Bg5 Be7 6. Nf3 
d5 7. e5 Ne4 8. Bxe7 Qxe7 9. B@h4 Qd7 10. Bxe4 dxe4 11. Ng5 B@f3 
12. gxf3 exf3 13. B@e4 B@c6 14. N@h5 Bxe4 15. Nxg7+ Kf8 16. Nh5 B@h6 17. Ngxe4 
P@g7 18. P@e7# 
{LINDEGREN resigns} 1-0

[Event "fics rated crazyhouse match"]
[Site "fics, Oklahoma City, OK USA"]
[Date "2000.01.08"]
[White "LINDEGREN"]
[WhiteElo "2268"]
[Black "pminear"]
[BlackElo "2331"]
[TimeControl "120+0"]
[Result "0-1"]

1. e4 e5 2. Nf3 Nc6 3. Bc4 Bc5 4. O-O Nf6 5. d3 d6 6. Be3 
Bg4 7. h3 Bh5 8. Nc3 O-O 9. Bxc5 dxc5 10. B@h4 Bxf3 11. Qxf3 Nd4 
12. Qd1 N@g6 13. B@g5 Nxh4 14. Bxh4 B@e7 15. N@f5 Nxf5 16. exf5 B@c6 17. N@e4 
Nxe4 18. Bxe7 Nxc3 19. Bxd8 N@e2+ 20. Kh2 Nxd1 21. Raxd1 Bxg2 22. B@d5 N@g4+ 
23. Kxg2 N@h4# 
{LINDEGREN resigns} 0-1

[Event "fics rated crazyhouse match"]
[Site "fics, Oklahoma City, OK USA"]
[Date "2000.01.08"]
[White "pminear"]
[WhiteElo "2338"]
[Black "LINDEGREN"]
[BlackElo "2261"]
[TimeControl "120+0"]
[Result "0-1"]

1. e4 e6 2. Nc3 b6 3. d4 Bb7 4. Bd3 Nf6 5. Bg5 Be7 6. Nf3 
d5 7. e5 Ne4 8. Bxe7 Qxe7 9. B@h4 B@g5 10. Nxe4 Bxh4 11. Ng3 B@e4 
12. N@h5 Rg8 13. Nxh4 Qxh4 14. B@f6 gxf6 15. Nxf6+ Qxf6 16. exf6 B@b4+ 17. c3 
Bd6 18. P@e7 Nd7 19. Bxe4 dxe4 20. B@b5 B@c6 21. Bxc6 Bxc6 22. B@c2 N@h4 
23. Bxe4 Bxe4 24. Nxe4 Nxg2+ 25. Kd2 N@c4+ 26. Kc2 B@f5 27. B@d3 Bxe4 28. Bxe4 
B@f5 29. Bxf5 exf5 30. B@b5 B@e4+ 31. Kb3 N@d2+ 32. Ka4 a6 33. Bxd7+ Kxd7 
34. N@f8+ Rgxf8 35. exf8=N+ Rxf8 
{pminear forfeits on time} 0-1

[Event "fics rated crazyhouse match"]
[Site "fics, Oklahoma City, OK USA"]
[Date "2000.01.08"]
[White "LINDEGREN"]
[WhiteElo "2271"]
[Black "pminear"]
[BlackElo "2328"]
[TimeControl "120+0"]
[Result "1-0"]

1. e4 e5 2. Nf3 Nc6 3. Bc4 Bc5 4. O-O Nf6 5. Nc3 d6 6. d3 
Bg4 7. Bg5 Qd7 8. Bxf6 gxf6 9. Nd5 B@g7 10. h3 Bxh3 11. gxh3 Qxh3 
12. B@g2 Qg3 13. N@f5 Qg6 14. Nxc7+ Kd7 15. Nxa8 P@g3 16. R@c7+ Kd8 17. P@e7+ 
Nxe7 18. Nxe7 gxf2+ 19. Rxf2 Bxf2+ 20. Kxf2 P@e3+ 21. Kf1 R@f2+ 22. Ke1 P@d2+ 
23. Nxd2 exd2+ 24. Qxd2 Qxg2 25. N@c6+ bxc6 26. Nxc6+ Ke8 27. P@d7+ Kf8 28. d8=Q+ 
B@e8 29. P@e7+ Kg8 30. Qxe8+ N@f8 31. exf8=Q+ Bxf8 32. Ne7+ Kg7 33. N@f5+ Rxf5 
34. Nxf5+ Kg6 35. R@h6# 
{pminear forfeits on time} 1-0

[Event "fics rated crazyhouse match"]
[Site "fics, Oklahoma City, OK USA"]
[Date "2000.01.08"]
[White "pminear"]
[WhiteElo "2319"]
[Black "LINDEGREN"]
[BlackElo "2280"]
[TimeControl "120+0"]
[Result "1-0"]

1. e4 Nf6 2. Nc3 e6 3. e5 Nd5 4. Ne4 Nc6 5. Nf3 d6 6. d4 
Be7 7. Be2 O-O 8. O-O Nxd4 9. Qxd4 dxe5 10. Qxe5 f6 11. Qh5 P@g6 
12. Qh3 e5 13. P@g4 P@h5 14. Ne1 hxg4 15. Bxg4 Bxg4 16. Qxg4 P@f5 17. B@e6+ 
B@f7 18. Bxf7+ Rxf7 19. Qh3 fxe4 20. B@e6 B@f5 21. Bxf5 gxf5 22. B@e6 B@g4 
23. Qb3 N@e2+ 24. Kh1 c6 25. Be3 Qd6 26. Bxf7+ Kxf7 27. N@c4 Qd7 28. P@d6 
Bxd6 29. Nxd6+ Qxd6 30. Qxb7+ B@d7 31. Qxa8 P@f3 32. B@g8+ Kg6 33. Bxh7+ Kxh7 
34. R@h8+ Kg6 35. P@h5+ Bxh5 36. Rxh5 fxg2+ 37. Nxg2 B@f3 38. B@h7+ Kxh5 39. R@h4# 
{LINDEGREN checkmated} 1-0

[Event "fics rated crazyhouse match"]
[Site "fics, Oklahoma City, OK USA"]
[Date "2000.01.08"]
[White "pminear"]
[WhiteElo "2333"]
[Black "LINDEGREN"]
[BlackElo "2266"]
[TimeControl "120+0"]
[Result "1-0"]

1. e4 e6 2. d4 b6 3. Bd3 Bb7 4. Nc3 Nf6 5. Nf3 d5 6. e5 
Ne4 7. Bxe4 dxe4 8. Ng5 B@d5 9. Nxd5 Bxd5 10. N@f4 Qxg5 11. Nxd5 Qxg2 
12. Nxc7+ Kd7 13. Nxa8 Qxh1+ 14. B@f1 N@g2+ 15. Kd2 e3+ 16. Kc3 P@b4+ 17. Kb3 
N@d5 18. Bb5+ R@c6 19. Qxh1 Be7 20. Q@b7+ Nc7 21. Qxg2 
{LINDEGREN resigns} 1-0

[Event "fics rated crazyhouse match"]
[Site "fics, Oklahoma City, OK USA"]
[Date "2000.01.08"]
[White "LINDEGREN"]
[WhiteElo "2260"]
[Black "pminear"]
[BlackElo "2339"]
[TimeControl "120+0"]
[Result "0-1"]

1. e4 e5 2. Nf3 Nc6 3. Bc4 Bc5 4. O-O Nf6 5. d3 d6 6. Ng5 
O-O 7. Nc3 Bg4 8. Nxf7 Rxf7 9. Bxf7+ Kxf7 10. P@f3 Bh5 11. Nd5 Nxd5 
12. exd5 Nd4 13. N@g5+ Kg8 14. Re1 B@h4 15. Ne4 Bb6 16. c3 N@h3+ 17. gxh3 
Nxf3+ 18. Kh1 P@g2+ 19. Kxg2 Nxe1+ 20. Qxe1 Bbxf2 21. Nxf2 P@f3+ 22. Kg1 R@g2+ 
23. Kh1 Bxf2 24. B@e6+ N@f7 25. Qf1 Rxh2+ 26. Kxh2 P@g3+ 27. Kh1 g2# 
{LINDEGREN resigns} 0-1

[Event "fics rated crazyhouse match"]
[Site "fics, Oklahoma City, OK USA"]
[Date "2000.01.08"]
[White "pminear"]
[WhiteElo "2345"]
[Black "LINDEGREN"]
[BlackElo "2254"]
[TimeControl "120+0"]
[Result "1-0"]

1. e4 e6 2. Nc3 Nc6 3. d4 d5 4. exd5 exd5 5. Nf3 Nf6 6. Bb5 
Bb4 7. Ne5 Qe7 8. O-O Bxc3 9. Nxc6 bxc6 10. Bxc6+ Bd7 11. Bxa8 P@e2 
12. R@b8+ N@d8 13. P@c6 exd1=Q 14. cxd7+ Qxd7 15. Rxd1 N@e2+ 16. Kh1 O-O 17. Bg5 
Ne4 18. B@e3 Bxb2 19. P@e7 Qxe7 20. Bxe7 P@h3 21. Q@g4 hxg2+ 22. Qxg2 Q@g6 
23. P@g5 Qh5 24. Bxf8 P@f3 25. R@h8+ Kxh8 26. Bxg7+ Kxg7 27. P@f6+ Kg6 28. N@e7# 
{LINDEGREN checkmated} 1-0

[Event "fics rated crazyhouse match"]
[Site "fics, Oklahoma City, OK USA"]
[Date "2000.01.08"]
[White "LINDEGREN"]
[WhiteElo "2248"]
[Black "pminear"]
[BlackElo "2351"]
[TimeControl "120+0"]
[Result "0-1"]

1. e4 e5 2. Nf3 Nc6 3. Bc4 Bc5 4. Nc3 Nf6 5. d3 d6 6. Bg5 
Bg4 7. O-O h6 8. Bh4 g5 9. Bg3 Nd4 10. Nxd4 Bxd4 11. N@f3 N@f4 
12. Bxf4 gxf4 13. N@g7+ Kf8 14. Nf5 Bxf5 15. exf5 Rg8 16. B@g6 d5 17. Nxd4 
exd4 18. Nxd5 Nxd5 19. Bxd5 Qxd5 20. B@e4 Qd8 21. N@h7+ Ke8 22. Qh5 fxg6 
23. fxg6 Kd7 24. Bf5+ Kc6 25. P@b5+ Kb6 26. b4 a5 27. Be4 Ka7 28. bxa5 
B@d6 29. Bxb7 N@e2+ 30. Kh1 N@g3+ 31. hxg3 Nxg3+ 32. fxg3 B@d5 33. N@c6+ Bxc6 
34. Bxc6 Kb8 
{LINDEGREN forfeits on time} 0-1

[Event "fics rated crazyhouse match"]
[Site "fics, Oklahoma City, OK USA"]
[Date "2000.01.08"]
[White "LINDEGREN"]
[WhiteElo "2237"]
[Black "pminear"]
[BlackElo "2362"]
[TimeControl "120+0"]
[Result "1-0"]

1. e4 e5 2. Nf3 Nc6 3. Bc4 Bc5 4. Nc3 Nf6 5. O-O d6 6. d3 
Bg4 7. h3 Bh5 8. Bg5 h6 9. Bh4 g5 10. Bg3 g4 11. hxg4 Bxg4 
12. P@h3 Bxf3 13. Bxf7+ Kxf7 14. Qxf3 Nd4 15. B@h5+ Kg7 16. Qd1 Nxh5 17. Qxh5 
B@g6 18. Qg4 B@h5 19. N@e6+ Nxe6 20. Qxe6 N@d4 21. P@f6+ Kh7 22. Qe7+ Qxe7 
23. fxe7 Q@g7 24. Nd5 Ne2+ 25. Kh2 P@f6 26. Nxf6+ Qxf6 27. N@d5 Qf7 28. Q@f6 
Qxf6 29. Nxf6+ Kg7 30. Nxh5+ Bxh5 31. B@f8+ Rhxf8 32. exf8=Q+ Rxf8 33. R@e7+ N@f7 
34. Rxf7+ Rxf7 35. N@f5+ Kh7 36. P@g4 N@f6 37. gxh5 N@g4+ 38. hxg4 Nxg4+ 39. Kh3 
Nxf2+ 40. Rxf2 P@g4+ 41. Kh2 R@h3+ 42. gxh3 Bxf2 43. Q@g6# 
{pminear resigns} 1-0

[Event "fics rated crazyhouse match"]
[Site "fics, Oklahoma City, OK USA"]
[Date "2000.01.08"]
[White "pminear"]
[WhiteElo "2351"]
[Black "LINDEGREN"]
[BlackElo "2248"]
[TimeControl "120+0"]
[Result "1-0"]

1. e4 e6 2. Nc3 b6 3. d4 Bb7 4. Nf3 Nf6 5. e5 Nd5 6. Bg5 
Be7 7. Bxe7 Qxe7 8. B@g5 f6 9. exf6 gxf6 10. Bh6 P@g7 11. Bd2 Nxc3 
12. bxc3 N@e4 13. Bd3 Nxd2 14. Qxd2 B@h6 15. P@e3 Bxf3 16. gxf3 N@g2+ 17. Kd1 
B@g5 18. N@c4 Bxe3 19. fxe3 Nxe3+ 20. Nxe3 Bxe3 21. Qxe3 P@b2 22. Rb1 N@d5 
23. Qe1 Nc6 24. B@d2 P@b4 25. B@h5+ Kf8 26. cxb4 Ncxb4 27. P@h6 Nxd3 28. hxg7+ 
Qxg7 29. B@h6 Rg8 30. Bxg7+ Rxg7 31. Q@h8+ B@g8 32. Qxg7+ Kxg7 33. P@h6+ Kf8 
34. cxd3 P@c2+ 35. Kxc2 B@d6 36. P@g7+ Ke7 37. N@f5+ Kd8 38. R@e8# 
{LINDEGREN checkmated} 1-0

[Event "fics rated crazyhouse match"]
[Site "fics, Oklahoma City, OK USA"]
[Date "2000.01.08"]
[White "LINDEGREN"]
[WhiteElo "2242"]
[Black "pminear"]
[BlackElo "2357"]
[TimeControl "120+0"]
[Result "0-1"]

1. e4 e5 2. Nf3 Nc6 3. Bc4 Bc5 4. Nc3 Nf6 5. O-O d6 6. d3 
Bg4 7. Be3 O-O 8. Bxc5 dxc5 9. B@g5 h6 10. Bh4 g5 11. Bg3 Bxf3 
12. Qxf3 g4 13. Qe3 B@g5 14. f4 exf4 15. Bxf4 Bxf4 16. Qxf4 B@g5 17. P@g6 
Bxf4 18. gxf7+ Kh8 19. Rxf4 Q@e3+ 20. Rf2 g3 21. hxg3 P@h2+ 22. Kh1 Qxf2 
{LINDEGREN resigns} 0-1

[Event "fics rated crazyhouse match"]
[Site "fics, Oklahoma City, OK USA"]
[Date "2000.01.08"]
[White "Gobi"]
[WhiteElo "2343"]
[Black "Gnejs"]
[BlackElo "2439"]
[TimeControl "180+0"]
[Result "0-1"]

1. e4 Nf6 2. Nc3 d5 3. exd5 Nxd5 4. Bc4 e6 5. d3 Nc6 6. Nf3 
Bb4 7. Bd2 P@a3 8. Bxd5 exd5 9. bxa3 Bxa3 10. Nb5 Bc5 11. N@h5 Rg8 
12. Qe2+ P@e6 13. Bc3 d4 14. Bd2 B@g4 15. Ng3 Nb4 16. Bxb4 Bxb4+ 17. P@d2 
B@c6 18. Nbxd4 Qxd4 19. Nxd4 Bxe2 20. Ngxe2 Bxg2 21. Q@a4+ Bd7 22. Qxb4 Bxh1 
23. B@a3 R@f1# 
{Gobi resigns} 0-1

[Event "fics rated crazyhouse match"]
[Site "fics, Oklahoma City, OK USA"]
[Date "2000.01.08"]
[White "Gnejs"]
[WhiteElo "2448"]
[Black "Gobi"]
[BlackElo "2337"]
[TimeControl "180+0"]
[Result "0-1"]

1. e4 e5 2. Nf3 Nc6 3. Bc4 Bc5 4. Nc3 d6 5. h3 Nf6 6. d3 
O-O 7. Bg5 Be6 8. Nd5 Bxd5 9. Bxd5 Nxd5 10. exd5 B@e7 11. dxc6 Bxg5 
12. cxb7 Bxf2+ 13. Ke2 N@g3+ 14. Kxf2 B@e3+ 15. Kxg3 Bgf4+ 16. Kg4 f5# 
{Gnejs resigns} 0-1

[Event "fics rated crazyhouse match"]
[Site "fics, Oklahoma City, OK USA"]
[Date "2000.01.08"]
[White "Gobi"]
[WhiteElo "2347"]
[Black "Gnejs"]
[BlackElo "2432"]
[TimeControl "180+0"]
[Result "0-1"]

1. e4 Nf6 2. e5 Nd5 3. Bc4 e6 4. Nc3 Nf4 5. Qf3 Ng6 6. d4 
Nc6 7. Be3 Ngxe5 8. dxe5 P@d4 9. Bxd4 Nxd4 10. Qd3 Nc6 11. Nf3 B@g6 
12. P@e4 Bh5 13. N@d2 Bxf3 14. Nxf3 N@f4 15. Qf1 d6 16. O-O-O Bd7 17. B@g5 
Qxg5 18. Nxg5 B@h6 19. h4 Nxe5 20. Be2 P@f6 21. Bb5 fxg5 22. Bxd7+ Nxd7 
23. B@a4 N@b6 24. Qb5 B@c6 25. hxg5 Bxb5 26. Bxb5 Bxg5 27. B@e3 Q@a1+ 28. Q@b1 
Qxb1+ 29. Kxb1 P@c6 30. P@g3 Bf6 31. gxf4 Bxc3 32. Q@b3 cxb5 33. Qxc3 Na4 
34. Qxc7 N@a3+ 35. Kc1 Q@b1+ 36. Kd2 B@a5+ 37. Kd3 Bxc7 
{Gobi forfeits on time} 0-1

[Event "fics rated crazyhouse match"]
[Site "fics, Oklahoma City, OK USA"]
[Date "2000.01.08"]
[White "Gnejs"]
[WhiteElo "2441"]
[Black "Gobi"]
[BlackElo "2341"]
[TimeControl "180+0"]
[Result "1-0"]

1. Nf3 Nc6 2. Nc3 Nf6 3. d4 d5 4. Bf4 Bf5 5. e3 a6 6. Bd3 
e6 7. O-O Be7 8. Ne5 Bxd3 9. cxd3 Nxe5 10. Bxe5 B@g6 11. B@g3 Rc8 
12. Rc1 O-O 13. Na4 N@c6 14. N@c5 Nxe5 15. dxe5 Nh5 16. Nxb7 Qe8 17. N@c6 
B@b5 18. Nxe7+ Qxe7 19. B@c5 Qe8 20. Bxf8 Qxf8 21. Nac5 B@a7 22. P@g4 Nxg3 
23. fxg3 B@b6 24. N@b3 N@d8 25. Nxd8 Bxc5 26. Nxc5 Bxc5 27. Rxc5 Qxc5 28. B@d4 
Qf8 29. Nxe6 fxe6 30. Rxf8+ Rxf8 31. N@e7+ Kh8 32. Nxg6+ hxg6 33. P@f6 R@h7 
34. fxg7+ Kxg7 35. B@f6+ Kg8 36. R@h8+ Kf7 37. Q@e7# 
{Gobi checkmated} 1-0

[Event "fics rated crazyhouse match"]
[Site "fics, Oklahoma City, OK USA"]
[Date "2000.01.09"]
[White "Nathaniel"]
[WhiteElo "2132"]
[Black "Yoba"]
[BlackElo "2313"]
[TimeControl "180+0"]
[Result "0-1"]

1. e4 e6 2. d4 Nf6 3. Nc3 d5 4. exd5 Nxd5 5. Bd2 Nc6 6. Bb5 
Bd7 7. Nf3 a6 8. Bd3 Nxc3 9. bxc3 N@b2 10. Qe2 Nxd3+ 11. cxd3 B@h5 
12. Be3 Bxf3 13. gxf3 N@g2+ 14. Kd2 P@f4 15. Rhg1 fxe3+ 16. fxe3 Nh4 17. B@g5 
Be7 18. Bxe7 Qxe7 19. B@g5 B@f6 20. Bxf6 gxf6 21. N@g7+ Kd8 22. N@c5 B@b2 
23. Rab1 Bxc3+ 24. Kxc3 B@a5+ 25. Kc2 Qxc5+ 26. dxc5 N@a3+ 27. Kd1 P@c2+ 28. Qxc2 
Nxc2 29. P@d2 Bxd2 30. Kxd2 Nxf3+ 31. Kxc2 Q@d2+ 32. Kb3 Nxg1 33. P@d6 R@c3+ 
34. Ka4 P@b5+ 35. Rxb5 axb5+ 36. Kxb5 Ra5# 
{Nathaniel checkmated} 0-1

[Event "fics rated crazyhouse match"]
[Site "fics, Oklahoma City, OK USA"]
[Date "2000.01.09"]
[White "Yoba"]
[WhiteElo "2321"]
[Black "Nathaniel"]
[BlackElo "2128"]
[TimeControl "180+0"]
[Result "1-0"]

1. e4 e6 2. d4 Nf6 3. Nc3 Bb4 4. Bg5 Nxe4 5. Bxd8 Kxd8 6. Q@h4+ 
Nf6 7. Nf3 P@a3 8. d5 axb2 9. Qxb4 bxa1=Q 10. Qxa1 B@d6 11. P@c5 Na6 
12. Bxa6 bxa6 13. cxd6 cxd6 14. Qxd6 B@e7 15. N@c6+ Ke8 16. Qxe7# 
{Nathaniel checkmated} 1-0

[Event "fics rated crazyhouse match"]
[Site "fics, Oklahoma City, OK USA"]
[Date "2000.01.09"]
[White "Nathaniel"]
[WhiteElo "2124"]
[Black "Yoba"]
[BlackElo "2329"]
[TimeControl "180+0"]
[Result "1-0"]

1. e4 e6 2. Nc3 Nf6 3. d4 d5 4. e5 Ne4 5. Bd3 Bb4 6. Bd2 
Bxc3 7. bxc3 Nc6 8. Bxe4 dxe4 9. N@h5 Rg8 10. Nh3 N@h4 11. Rg1 B@f3 
12. gxf3 Nxf3+ 13. Kf1 Nxh2+ 14. Kg2 Nf3 15. B@g5 f6 16. Bge3 fxe5 17. dxe5 
Qh4 18. Ng3 P@g4 19. Ng5 P@h2 20. P@f7+ Kd7 21. B@e8+ Ke7 22. Bc5+ P@d6 
23. exd6+ cxd6 24. Bxd6+ Kf6 25. fxg8=N# 
{Yoba checkmated} 1-0

[Event "fics rated crazyhouse match"]
[Site "fics, Oklahoma City, OK USA"]
[Date "2000.01.09"]
[White "Yoba"]
[WhiteElo "2306"]
[Black "Nathaniel"]
[BlackElo "2136"]
[TimeControl "180+0"]
[Result "1-0"]

1. e4 e6 2. d4 d5 3. Nc3 Nf6 4. Bg5 Be7 5. Bxf6 Bxf6 6. Nf3 
B@h5 7. exd5 exd5 8. Be2 Qe7 9. P@e5 Bxf3 10. exf6 gxf6 11. gxf3 N@g2+ 
12. Kd2 P@e3+ 13. Kc1 P@d2+ 14. Kb1 exf2 15. Nxd5 Ne3 16. Nxe3 Qxe3 17. B@g7 
P@g2 18. Bxh8 gxh1=Q 19. N@g7+ Kd8 20. R@f8+ N@e8 21. N@e6+ Bxe6 22. Rxe8+ Kd7 
23. N@c5+ Kc6 24. P@b5+ Kb6 25. B@a5+ Kxa5 26. b4+ Kb6 27. Na4# 
{Nathaniel checkmated} 1-0

[Event "fics rated crazyhouse match"]
[Site "fics, Oklahoma City, OK USA"]
[Date "2000.01.09"]
[White "Nathaniel"]
[WhiteElo "2132"]
[Black "Yoba"]
[BlackElo "2314"]
[TimeControl "180+0"]
[Result "0-1"]

1. e4 e6 2. d4 Nf6 3. Nc3 d5 4. Bg5 dxe4 5. Nxe4 Be7 6. Bxf6 
Bxf6 7. Nf3 Nc6 8. Nxf6+ Qxf6 9. B@e5 Qg6 10. N@h4 Qe4+ 11. Be2 Nxe5 
12. dxe5 N@f4 13. P@e3 Nxe2 14. Qxe2 B@a6 15. N@d3 P@c4 16. Nc5 B@b4+ 17. N@c3 
Qc6 18. Nxb7 Bcxb7 19. Rd1 B@d3 20. cxd3 cxd3 21. Qd2 Bxc3 22. bxc3 P@e2 
23. Rc1 Qxf3 24. gxf3 Bxf3 25. P@d7+ Kxd7 26. B@a4+ P@c6 27. Rg1 N@c5 28. Nxf3 
Nxa4 29. c4 B@c3 30. Rxc3 Nxc3 31. Qxd3+ N@d5 32. cxd5 R@d1+ 33. Qxd1 exd1=Q# 
{Nathaniel checkmated} 0-1

[Event "fics rated crazyhouse match"]
[Site "fics, Oklahoma City, OK USA"]
[Date "2000.01.09"]
[White "Yoba"]
[WhiteElo "2321"]
[Black "Nathaniel"]
[BlackElo "2128"]
[TimeControl "180+0"]
[Result "1-0"]

1. e4 e6 2. d4 d5 3. Nc3 Nc6 4. exd5 exd5 5. Nf3 Be7 6. Bb5 
Bb4 7. Ne5 Qe7 8. Qe2 Bxc3+ 9. bxc3 P@d7 10. Bxc6 dxc6 11. B@g4 Bxg4 
12. Qxg4 B@f6 13. N@f5 Nh6 14. Bxh6 Bxe5 
{Nathaniel resigns} 1-0

[Event "fics rated crazyhouse match"]
[Site "fics, Oklahoma City, OK USA"]
[Date "2000.01.09"]
[White "Nathaniel"]
[WhiteElo "2124"]
[Black "Yoba"]
[BlackElo "2328"]
[TimeControl "180+0"]
[Result "1-0"]

1. d4 Nf6 2. Nf3 d5 3. Nc3 Nc6 4. Bd2 Bg4 5. Ne5 e6 6. h3 
Bh5 7. g4 Bg6 8. Bg5 Be7 9. e3 Nxe5 10. dxe5 Ne4 11. Bb5+ c6 
12. Bxe7 Qxe7 13. Nxe4 Bxe4 14. N@d6+ Kf8 15. Nxe4 dxe4 16. B@d6 B@b4+ 17. B@c3 
Bxd6 18. exd6 N@f3+ 19. Qxf3 Qxd6 20. Bxg7+ Ke7 21. Qf6+ Kd7 22. Qxf7+ P@e7 
23. N@e5+ Kc7 24. N@c4 B@d2+ 25. Nxd2 N@f3+ 26. Ndxf3 exf3 27. Qxf3 N@h4 28. Qe2 
cxb5 29. B@a5+ b6 30. N@a6+ Kb7 31. Qxb5 N@f3+ 32. Ke2 Nxe5 33. Nc5+ Qxc5 
34. Qxc5 B@f3+ 35. Kd2 N@c4+ 36. Kc1 bxc5 37. Q@c7+ Ka6 38. B@b7+ Kb5 39. a4# 
{Yoba checkmated} 1-0

[Event "fics rated crazyhouse match"]
[Site "fics, Oklahoma City, OK USA"]
[Date "2000.01.09"]
[White "Yoba"]
[WhiteElo "2308"]
[Black "Nathaniel"]
[BlackElo "2136"]
[TimeControl "180+0"]
[Result "0-1"]

1. e4 e6 2. Nc3 Nf6 3. d4 d5 4. exd5 Nxd5 5. Nxd5 exd5 6. Nf3 
Nc6 7. Bb5 P@h3 8. Rg1 hxg2 9. Rxg2 Bh3 10. Rg1 Bb4+ 11. c3 Qe7+ 
12. P@e5 N@g2+ 13. Ke2 P@g4 14. Ng5 h6 15. Nxh3 gxh3 16. cxb4 Qxb4 17. N@c3 
P@d7 18. Bxc6 bxc6 19. B@c5 Qc4+ 20. B@d3 N@f4+ 21. Bxf4 Nxf4+ 22. Ke3 Nxd3 
23. P@e7 Nxc5 24. dxc5 B@f4+ 25. Kf3 B@h5+ 26. N@g4 Bxg4+ 27. Kxg4 Bxh2+ 28. N@e4 
B@e6+ 29. Kf3 B@g4+ 30. Ke3 N@f5+ 31. Kd2 Bf4+ 32. B@e3 Bxd1 33. N@f6+ gxf6 
34. Nxf6+ Kxe7 35. P@d6+ Kd8 36. dxc7+ Kxc7 37. P@d6+ Kb7 38. Raxd1 Nxe3 
{Yoba forfeits on time} 0-1

[Event "fics rated crazyhouse match"]
[Site "fics, Oklahoma City, OK USA"]
[Date "2000.01.09"]
[White "Nathaniel"]
[WhiteElo "2148"]
[Black "Yoba"]
[BlackElo "2290"]
[TimeControl "180+0"]
[Result "0-1"]

1. e4 e6 2. d4 Nf6 3. Nc3 Bb4 4. Bd3 d5 5. exd5 Nxd5 6. Bd2 
Bxc3 7. bxc3 N@f4 8. Qf3 Qg5 9. Bxf4 Nxf4 10. B@g3 P@d2+ 11. Kf1 Nxd3 
12. Qxd3 B@c1 13. Nf3 Qf5 14. P@e4 B@c4 15. Qxc4 d1=Q+ 16. B@e1 Qxe4 17. Bxc7 
P@e2+ 18. Kg1 Qxf3 19. Rxc1 Qxc1 20. B@a4+ Nc6 21. Bxc6+ bxc6 22. N@d6+ Kf8 
23. gxf3 Qxe1+ 24. Kg2 Qxh1+ 25. Kxh1 R@f1+ 26. Kg2 R@g1+ 27. Kh3 N@f4+ 28. Kh4 
B@g5# 
{Nathaniel checkmated} 0-1

[Event "fics rated crazyhouse match"]
[Site "fics, Oklahoma City, OK USA"]
[Date "2000.01.09"]
[White "Yoba"]
[WhiteElo "2298"]
[Black "Nathaniel"]
[BlackElo "2143"]
[TimeControl "180+0"]
[Result "1-0"]

1. e4 e6 2. Nc3 Nf6 3. d4 Bb4 4. Bd3 Nc6 5. Nf3 d5 6. exd5 
exd5 7. Ne5 Qe7 8. P@g5 Nxd4 9. gxf6 Qxe5+ 10. Be3 P@f4 11. fxg7 Rg8 
12. O-O fxe3 13. fxe3 Bxc3 14. N@f6+ Kd8 15. Nxg8 N@h3+ 16. gxh3 Bxh3 17. R@f8+ 
B@e8 18. P@e7+ Qxe7 19. Nxe7 Bxf1 20. Qxf1 N@f3+ 21. Kh1 P@e4 22. exd4 Bxd4 
23. Rxe8+ Kxe8 24. Q@f8+ Kd7 25. Qxa8 P@f2 26. Qc8+ Kd6 27. Nf5+ Kc6 28. B@b5+ 
Kb6 29. N@a4+ Ka5 30. N@b3+ Kb4 31. a3# 
{Nathaniel checkmated} 1-0

[Event "fics rated crazyhouse match"]
[Site "fics, Oklahoma City, OK USA"]
[Date "2000.01.09"]
[White "Nathaniel"]
[WhiteElo "2138"]
[Black "Yoba"]
[BlackElo "2305"]
[TimeControl "180+0"]
[Result "1-0"]

1. e4 e6 2. Nf3 Nf6 3. e5 Nd5 4. Nc3 d6 5. d4 Nc6 6. Bb5 
Bd7 7. Bg5 Be7 8. Nxd5 exd5 9. Bxe7 Qxe7 10. N@h5 B@f8 11. Bxc6 Bxc6 
12. B@h4 f6 13. O-O dxe5 14. dxe5 P@g5 15. exf6 gxf6 16. P@g7 Bxg7 17. Nxg7+ 
Qxg7 18. Re1+ P@e4 19. N@f5 Qd7 20. B@h3 P@e6 21. Nh6 O-O-O 22. Bxg5 fxg5 
23. Nxg5 N@f4 24. P@f7 B@g7 25. Ng4 B@h4 26. P@f6 Bxf2+ 27. Nxf2 Bxf6 28. Nxe6 
Nxe6 29. B@f5 N@g7 30. P@h6 Nxf5 31. Bxf5 P@g6 32. P@g7 gxf5 33. gxh8=Q Bxh8 
34. N@a5 B@b6 35. Nxc6 Qxc6 36. Re2 N@g4 37. B@e1 P@g3 38. hxg3 P@h2+ 39. Kh1 
Bxf2 40. Bxf2 B@a6 41. P@d3 exd3 42. cxd3 Bxd3 43. Qxd3 P@c4 44. Qf3 Nxf2+ 
45. Rxf2 N@g4 46. N@e7# 
{Yoba forfeits on time} 1-0

[Event "fics rated crazyhouse match"]
[Site "fics, Oklahoma City, OK USA"]
[Date "2000.01.09"]
[White "Nathaniel"]
[WhiteElo "2150"]
[Black "JKiller"]
[BlackElo "2465"]
[TimeControl "180+0"]
[Result "0-1"]

1. e4 e6 2. d4 Nc6 3. Nf3 Nf6 4. Nc3 Bb4 5. Bd3 d5 6. exd5 
exd5 7. Bb5 O-O 8. Bxc6 bxc6 9. P@h6 Re8+ 10. Be3 P@f4 11. hxg7 fxe3 
12. fxe3 Rxe3+ 13. Kf1 B@h6 14. P@e2 Bxc3 15. bxc3 Rxf3+ 16. exf3 N@e3+ 17. Ke2 
Nxd1 18. Kxd1 Q@d2# 
{Nathaniel checkmated} 0-1

[Event "fics rated crazyhouse match"]
[Site "fics, Oklahoma City, OK USA"]
[Date "2000.01.09"]
[White "JKiller"]
[WhiteElo "2467"]
[Black "Nathaniel"]
[BlackElo "2148"]
[TimeControl "180+0"]
[Result "1-0"]

1. e4 e6 2. Nc3 Nf6 3. e5 Nd5 4. d4 Nc6 5. Nf3 Bb4 6. Bd2 
d6 7. Bd3 Bxc3 8. bxc3 N@f4 9. Bxf4 Nxf4 10. Rg1 B@b2 11. B@d2 Nxd3+ 
12. cxd3 Bxa1 13. Qxa1 B@g4 14. B@d1 R@g6 15. N@f4 Bxf3 16. Nxg6 Bxd1 17. Qxd1 
hxg6 18. B@g5 B@e7 19. Bxe7 Nxe7 20. B@g5 B@h5 21. g4 N@h3 22. Rg3 Nxg5 
23. Bxg5 Bxg4 24. Rxg4 B@h5 25. N@f6+ gxf6 26. exf6 Bxg4 27. B@a4+ c6 28. fxe7 
R@g1+ 29. N@f1 N@g2+ 30. Kd2 Qxe7 31. Bxe7 N@f3+ 32. Qxf3 Bxf3 33. Q@d8# 
{Nathaniel checkmated} 1-0